 Dungeon Crawl Stone Soup version 0.22.2-1-ge965b3aba3 (webtiles) character file.

2863 Freitmort the Thaumaturge (level 9, -6/46 HPs)
             Began as a Deep Elf Conjurer on July 29, 2019.
             Was an Initiate of Vehumet.
             Mangled by a komodo dragon (10 damage)
             ... on level 8 of the Dungeon on July 31, 2019.
             The game lasted 00:40:58 (8718 turns).

Freitmort the Thaumaturge (Deep Elf Conjurer)       Turns: 8718, Time: 00:40:58

Health: -6/46      AC:  5    Str:  7    XL:     9   Next: 47%
Magic:  12/25      EV: 14    Int: 22    God:    Vehumet [......]
Gold:   238        SH:  0    Dex: 15    Spells: 22/29 levels left

rFire    + . .     SeeInvis .   l - +7 dagger (protect)
rCold    + . .     Gourm    .   (no shield)
rNeg     . . .     Faith    .   a - +0 robe
rPois    .         Spirit   .   (no helmet)
rElec    .         Reflect  .   (no cloak)
rCorr    .         Harm     .   D - +0 pair of gloves
MR       .....                  j - +1 pair of boots
Stlth    +++.......             (no amulet)
HPRegen  0.15/turn              n - ring of protection from fire
MPRegen  0.19/turn              B - ring of protection from cold

@: no status effects
A: no striking features
a: Renounce Religion


You were on level 8 of the Dungeon.
You worshipped Vehumet.
Vehumet was noncommittal.
You were not hungry.

You visited 2 branches of the dungeon, and saw 9 of its levels.

You collected 238 gold pieces.

Inventory:

Hand Weapons
 l - a +7 dagger of protection (weapon)
Missiles
 z - 13 poisoned needles
Armour
 a - a +0 robe (worn)
 j - a +1 pair of boots (worn)
 D - a +0 pair of gloves (worn)
Jewellery
 n - a ring of protection from fire (left hand)
 B - a ring of protection from cold (right hand)
Wands
 b - a wand of acid (25)
 q - a wand of paralysis (14)
 r - a wand of digging (7)
Scrolls
 f - 2 scrolls of remove curse
 v - 3 scrolls of teleportation
 w - a scroll of fog
Potions
 d - a potion of might
 e - 2 potions of magic
 g - a potion of haste
 h - a potion of invisibility
 i - 2 potions of agility
 k - a potion of mutation
 m - 3 potions of brilliance
 o - 3 potions of curing {unknown}
 p - a potion of berserk rage {unknown}
 s - 2 potions of degeneration {unknown}
 t - 2 potions of heal wounds {unknown}
 x - 2 potions of flight {unknown}
 A - 3 potions of lignification
 C - a potion of resistance {unknown}
 E - a potion of cancellation {unknown}
Comestibles
 c - 5 rations


   Skills:
 + Level 0.8 Fighting
 + Level 3.5 Dodging
 + Level 4.9 Stealth
 + Level 10.8 Spellcasting
 + Level 9.9 Conjurations
 - Level 5.0 Evocations


You had 22 spell levels left.
You knew the following spells:

 Your Spells              Type           Power        Failure   Level  Hunger
a - Magic Dart            Conj           ####         1%          1    None
b - Searing Ray           Conj           ######       1%          2    None
c - Iskenderun's Mystic   Conj           ######..     1%          4    #......

Your spell library contained the following spells:

 Spells                   Type           Power        Failure   Level  Hunger
 Dazzling Spray           Conj/Hex       ####..       2%          3    None
 Force Lance              Conj/Tloc      ####....     7%          4    #......
 Fulminant Prism          Conj/Hex       ####......   7%          4    #......


Dungeon Overview and Level Annotations

Branches:
Dungeon (8/15)             Temple (1/1) D:5            Lair (0/6) D:8

Altars:
Ashenzari
Dithmenos
Fedhas
Gozag
Kikubaaqudgha
Okawaru
Ru
Trog
Vehumet
Yredelemnul
Zin
The Shining One
Beogh
Lugonu

Portals:
Abyss: D:1

Annotations:
D:2 1 runed door
D:5 1 runed door, gg2u2's ghost, novice MiFi
D:7 3 runed doors, Asgardus's ghost, novice DECj


Message History

The komodo dragon is severely wounded.
You finish channeling your searing ray.
The komodo dragon bites you!!
Ouch! That really hurt!
Casting: Searing Ray (safe; 1% risk of failure)
Confirm with . or Enter, or press ? or * to list all spells.
Aiming: Searing Ray (safe; 1% risk of failure)
Press: ? - help, Shift-Dir - straight line, f/p - komodo dragon
Aim: a komodo dragon (severely wounded)
The searing ray hits the komodo dragon.
The komodo dragon is severely wounded. (Press . to maintain the ray.)
The komodo dragon closely misses you.
The searing ray hits the komodo dragon.
The komodo dragon is almost dead.
The komodo dragon bites you!!
* * * LOW HITPOINT WARNING * * *
The searing ray hits the komodo dragon.
The komodo dragon is almost dead.
The komodo dragon bites you!
You die...

### ### ## #.##
#.#######l### ##.####
####..#.#.#.../#
##....####...#.....#...#
#.####.#......@l......#
#.####..†...†.......#.#
###..............#.#..##
##........##.###..##.##..$
......##.#.### #.#.###
##..# ##.####..##.# ##>##
## ### #### ## ##


You could see a komodo dragon.

Vanquished Creatures
  Sigmund (D:4)
  A hungry ghost (D:7)
  3 wyverns (D:8)
  2 basilisks (D:8)
  Edmund (D:5)
  A swamp drake (D:8)
  A sky beast (D:5)
  An ice beast (D:8)
  A black bear (D:7)
  2 ogres
  A centaur (D:6)
  Blork the orc (D:6)
  A big kobold (D:6)
  4 bullfrogs
  2 scorpions
  A howler monkey (D:5)
  2 crimson imps (D:5)
  A centaur zombie (D:5)
  2 hounds
  A centaur skeleton (D:6)
  6 worker ants
  Terence (D:2)
  2 iguanas
  Robin (D:2)
  8 adders
  3 gnolls (D:5)
  2 oozes
  An adder zombie (D:7)
  2 adder skeletons
  A worm (D:3)
  A dart slug (D:3)
  5 leopard geckos
  5 orcs
  A ball python (D:6)
  A giant cockroach (D:3)
  15 goblins
  15 hobgoblins
  12 kobolds
  A quokka (D:2)
  5 bats
  2 frilled lizards
  9 rats
  A fungus (D:2)
130 creatures vanquished.

Vanquished Creatures (others)
  2 plants (D:6)
2 creatures vanquished.

Grand Total: 132 creatures vanquished

Notes
Turn   | Place    | Note
-------+----------+-------------------------------------------
     0 | D:1      | Freitmort the Deep Elf Conjurer began the quest for the
                  | Orb.
     0 | D:1      | Reached XP level 1. HP: 10/10 MP: 6/6
   166 | D:1      | Found a one-way gate to the infinite horrors of the Abyss.
   166 | D:1      | Found a corrupted altar of Lugonu.
   166 | D:1      | Noticed an iron imp
   166 | D:1      | Noticed an iron imp
   166 | D:1      | Noticed an iron imp
   166 | D:1      | Noticed a quasit
   166 | D:1      | Noticed a demonic crawler
   166 | D:1      | Noticed a quasit
   167 | D:1      | Noticed a quasit
   167 | D:1      | Noticed a demonic crawler
   174 | D:1      | Noticed a quasit
   629 | D:1      | Reached XP level 2. HP: 15/15 MP: 4/8
   667 | D:1      | Learned a level 2 spell: Searing Ray
  1089 | D:2      | Reached skill level 5 in Conjurations
  1531 | D:2      | Reached XP level 3. HP: 19/19 MP: 7/9
  1652 | D:2      | Noticed Robin
  1658 | D:2      | Killed Robin
  2137 | D:2      | Noticed Terence
  2227 | D:2      | Reached skill level 1 in Evocations
  2337 | D:2      | Reached XP level 4. HP: 24/24 MP: 8/11
  2432 | D:2      | Killed Terence
  2590 | D:2      | Found a runed door.
  2632 | D:3      | Reached skill level 4 in Spellcasting
  2907 | D:3      | Noticed Sigmund
  3133 | D:3      | Learned a level 4 spell: Iskenderun's Mystic Blast
  3176 | D:3      | Reached XP level 5. HP: 28/28 MP: 10/13
  3543 | D:4      | Killed Sigmund
  3543 | D:4      | Reached skill level 5 in Spellcasting
  3543 | D:4      | Reached XP level 6. HP: 24/32 MP: 9/15
  4276 | D:5      | Entered Level 5 of the Dungeon
  4365 | D:5      | Reached skill level 6 in Spellcasting
  4621 | D:5      | Reached XP level 7. HP: 36/36 MP: 8/18
  4795 | D:5      | Noticed Edmund
  4812 | D:5      | Killed Edmund
  4982 | D:5      | Found a staircase to the Ecumenical Temple.
  4996 | D:5      | Reached skill level 7 in Spellcasting
  5049 | Temple   | Entered the Ecumenical Temple
  5081 | Temple   | Became a worshipper of Vehumet
  5367 | D:5      | Found an ancient bone altar of Kikubaaqudgha.
  5420 | D:5      | Found a runed door.
  5421 | D:5      | Noticed gg2u2's ghost (novice MiFi)
  5966 | D:6      | Reached skill level 8 in Spellcasting
  5966 | D:6      | Reached XP level 8. HP: 41/41 MP: 15/22
  6481 | D:6      | Found a shadowy altar of Dithmenos.
  6482 | D:6      | Found an iron altar of Okawaru.
  6500 | D:6      | Noticed Blork the orc
  6518 | D:6      | Killed Blork the orc
  7110 | D:7      | Reached skill level 9 in Spellcasting
  7262 | D:7      | Found a runed gate.
  7291 | D:7      | Found a runed gate.
  7291 | D:7      | Noticed Asgardus's ghost (novice DECj)
  7292 | D:7      | Found a runed gate.
  7294 | D:7      | Found a roughly hewn altar of Beogh.
  7927 | D:7      | Reached skill level 5 in Evocations
  8149 | D:8      | Reached XP level 9. HP: 46/46 MP: 17/24
  8156 | D:8      | Reached skill level 10 in Spellcasting
  8687 | D:8      | Found a staircase to the Lair.
  8696 | D:8      | Noticed a komodo dragon
  8718 | D:8      | Mangled by a komodo dragon

Skill      XL: |  1  2  3  4  5  6  7  8  9 |
---------------+----------------------------+-----
Conjurations   | 5 6 7 9 |  9.9
Evocations     | 1 2 3 5 |  5.0
Spellcasting   | 4 5 6 8 9 10 | 10.8
Stealth        | 3 4 |  4.9
Dodging        | 3 |  3.5
Fighting       | |  0.8

Action                   |  1- 3 |  4- 6 |  7- 9 || total
-------------------------+-------+-------+-------++-------
Melee: Dagger            |       |     7 |       ||     7
 Cast: Magic Dart        |    69 |    68 |   108 ||   245
       Searing Ray       |     3 |    10 |    30 ||    43
       Iskenderun's Myst |       |     3 |    11 ||    14
  Use: Scroll            |     9 |       |    15 ||    24
  Eat: Chunk             |     4 |     4 |     5 ||    13
       Ration            |       |     1 |     3 ||     4
Armor: Robe              |     2 |     2 |     5 ||     9
Dodge: Dodged            |    10 |     9 |    35 ||    54
